 Dungeon Crawl Stone Soup version 0.29-a0-824-gd827844252 (webtiles) character file.

Game seed: 17953523022993137309

27070 inmateoo the Cleaver (level 13, 0/101 HPs)
             Began as a Demonspawn Fighter on July 10, 2022.
             Was an Initiate of Gozag.
             Slain by a salamander
             ... wielding a +0 halberd
              (14 damage)
             ... in a volcano.
             The game lasted 00:13:52 (13572 turns).

inmateoo the Cleaver (Demonspawn Fighter)          Turns: 13572, Time: 00:13:53

Health: 0/101      AC: 36    Str: 21    XL:     13   Next: 2%
Magic:  13/13      EV:  9    Int: 11    God:    Gozag
Gold:   2483       SH: 11    Dex: 14    Spells: 12/12 levels left

rFire   . . .      SeeInvis .   E - +1 war axe (vorpal)
rCold   + . .      Faith    .   C - +0 kite shield
rNeg    . . .      Spirit   .   y - +3 plate armour of the Dolphin {Fly rC+ Will+}
rPois   .          Reflect  .   F - +1 helmet of the Evening Star {Slay+3}
rElec   .          Harm     .   B - +2 cloak
rCorr   .          Rampage  .   r - +1 pair of gloves
Will    +....                   q - +2 pair of boots
Stlth   ..........              e - amulet of regeneration
HPRegen 1.06/turn               A - +4 ring of protection
MPRegen 0.13/turn               x - +4 ring of protection

@: flying, studying Dodging
A: ignite blood 3, big brain 1, demonic magic 2
a: Renounce Religion, Potion Petition, Call Merchant, Bribe Branch


You were in a volcano.
You worshipped Gozag.
Gozag was most pleased with you.
You visited 3 branches of the dungeon, and saw 17 of its levels.
You also visited: Bailey and Volcano.

You collected 3976 gold pieces.
You spent 1391 gold pieces at shops.
You paid 102 gold pieces to Gozag.

Inventory:

Hand Weapons
 a - a +1 war axe of protection
 n - a +0 hand axe of flaming
 E - a +1 vorpal war axe (weapon)
Armour
 q - a +2 pair of boots (worn)
 r - a +1 pair of gloves (worn)
 y - the +3 plate armour of the Dolphin (worn) {Fly rC+ Will+}
   (You found it in a bailey)

   rC:        It protects you from cold.
   Fly:       It grants you flight.
   Will:      It increases your willpower.
 B - a +2 cloak (worn)
 C - a +0 kite shield (worn)
 F - the +1 helmet of the Evening Star (worn) {Slay+3}
   (You found it on level 9 of the Dungeon)

   Slay:      It affects your accuracy & damage with ranged weapons and melee
   (+3).
 M - a +2 helmet of intelligence
Jewellery
 e - an amulet of regeneration (around neck)
 j - a ring of flight
 k - a ring of ice
 x - a +4 ring of protection (right hand)
 A - a +4 ring of protection (left hand)
 H - a ring of see invisible
Wands
 l - a wand of paralysis (10)
 u - a wand of flame (7)
 w - a wand of acid (15)
 z - a wand of mindburst (11)
 G - a wand of iceblast (6)
Scrolls
 m - 5 scrolls of teleportation
 D - a scroll of fog
 I - 6 scrolls of poison
 J - a scroll of silence
Potions
 b - 3 potions of heal wounds
 d - 3 potions of might
 f - 9 potions of curing
 g - a potion of invisibility
 h - a potion of haste
 i - 2 potions of mutation
 o - 3 potions of resistance
 p - 3 potions of lignification {unknown}
 s - a potion of magic {unknown}
 t - 2 potions of brilliance {unknown}
 v - 2 potions of flight {unknown}
 L - a potion of cancellation {unknown}
Miscellaneous
 c - a phantom mirror
 K - a box of beasts


   Skills:
 + Level 9.5 Fighting
 * Level 11.8 Axes
 + Level 8.7 Armour
 + Level 9.9 Dodging
 + Level 8.7 Shields
 + Level 4.5 Evocations


You had 12 spell levels left.
You didn't know any spells.
Your spell library contained the following spells:

 Spells                   Type           Power      Damage    Failure   Level
 Apportation              Tloc           0%         N/A       100%        1
 Necrotise                Necr           0%         1d4       100%        1
 Sting                    Tmut/Pois      0%         1d3       100%        1
 Summon Small Mammal      Summ           0%         N/A       100%        1
 Ensorcelled Hibernation  Hex/Ice        0%         N/A       100%        2
 Poisonous Vapours        Pois/Air       0%         N/A       100%        2
 Scorch                   Fire           0%         2d5       100%        2
 Static Discharge         Conj/Air       0%         3-3/arc   100%        2
 Frozen Ramparts          Ice            0%         1d2       100%        3
 Ignite Poison            Fire/Tmut/Pois 0%         N/A       100%        3
 Mephitic Cloud           Conj/Pois/Air  0%         N/A       100%        3
 Spider Form              Tmut/Pois      0%         N/A       100%        3
 Anguish                  Hex/Necr       0%         N/A       100%        4
 Flame Wave               Conj/Fire      0%         2d4       100%        4
 Ice Form                 Ice/Tmut       0%         N/A       100%        4
 Petrify                  Tmut/Erth      0%         N/A       100%        4
 Summon Ice Beast         Ice/Summ       0%         N/A       100%        4
 Freezing Cloud           Conj/Ice/Air   0%         6-21      100%        5
 Summon Cactus Giant      Summ           0%         N/A       100%        6
 Enfeeble                 Hex            0%         N/A       100%        7
 Polar Vortex             Ice            0%         N/A       100%        9
 Corpse Rot               Necr/Pois/Air  Unusable   N/A       N/A         4
 Simulacrum               Ice/Necr       Unusable   N/A       N/A         6

Dungeon Overview and Level Annotations

Branches:
Dungeon (10/15)            Temple (1/1) D:5            Lair (6/6) D:10
  Snake (0/4) Lair:2       Bailey (visited)         Volcano (1/1)
  Swamp: Lair:2-4    Shoals: Lair:2-4     Slime: Lair:5-6       Orc: D:9-12

Altars:
Ashenzari
Cheibriados
Dithmenos
Fedhas
Gozag
Hepliaklqana
Kikubaaqudgha
Makhleb
Nemelex Xobeh
Okawaru
Qazlal
Ru
Sif Muna
Trog
Uskayaw
Vehumet
Wu Jian
Xom
Yredelemnul

Shops:
D:3 :   D:6 *

Annotations:
Lair:3 3 runed translucent doors, MirrMurr's ghost, adept KoBe; Zoykot's ghost, journeyman DsGl


Innate Abilities, Weirdness & Mutations

Your demonic aura causes all spilled blood to erupt in flames.
You have an unusually large brain. (Int +2)
Spells you cast may paralyse nearby enemies.


Message History

You are engulfed in flames!
You barely miss the salamander.
The salamander hits you with a +0 trident.
You are engulfed in flames!
You hit the salamander.
The salamander is lightly wounded.
The salamander closely misses you.
You slash the salamander!
The salamander is moderately wounded.
The salamander hits you with a +0 trident.
You are engulfed in flames!
You hit the salamander.
The salamander is heavily wounded.
You block the salamander's attack. x2
You are too injured to fight recklessly!
You slash the salamander!
The salamander is heavily wounded.
You block the salamander's attack. x2
You hit the salamander but do no damage.
The salamander is heavily wounded.
The salamander closely misses you. You block the salamander's attack.
You slash the salamander!
The salamander is severely wounded.
You block the salamander's attack.
The salamander hits you from afar with a +0 halberd!
You are engulfed in flames!
* * * LOW HITPOINT WARNING * * *
You block the salamander's attack.
The salamander attacks as you move away!
The salamander hits you with a +0 halberd.
* * * LOW HITPOINT WARNING * * *
You are engulfed in flames!
* * * LOW HITPOINT WARNING * * *
There is a rumble as the volcano erupts.
The roof shakes.
The salamander hits you but does no damage.
The salamander hits you from afar with a +0 halberd.
* * * LOW HITPOINT WARNING * * *
You are engulfed in flames!
You die...
Your body crumbles into a pile of gold.

### ## #.### ##.###
####...###
#.∩..###..@N°)[.#
#.....#####°...##
###.).###.##N.##
##.#.#....###.
$..####............
#....∩∩...##.....
##.......## N$.#
...##....## .## ##
###.... #


You could see 2 salamanders.

Vanquished Creatures
  Josephine (D:10)
  2 hydras
  A catoblepas (Lair:3)
  A two-headed ogre (D:7)
  A salamander (Volcano)
  5 elephants (Lair:4)
  2 black mambas (Lair:2)
  A torpor snail (Lair:3)
  6 cane toads
  5 rime drakes
  2 komodo dragons
  A troll (D:10)
  7 dream sheep (Lair:5)
  4 blink frogs (Lair:4)
  6 wraiths
  7 wyverns
  Eustachio (D:5)
  35 yaks
  3 humans (D:9)
  5 basilisks
  4 nagas (Lair:2)
  3 acid dragons
  10 water moccasins
  4 orc warriors
  2 sky beasts (D:7)
  4 black bears
  2 ice beasts (D:5)
  A wolf (Lair:2)
  6 centaurs
  8 kobold brigands
  Blork the orc (D:5)
  16 bullfrogs
  A necrophage (D:8)
  A scorpion (D:10)
  3 gnoll sergeants
  4 killer bees (D:8)
  4 howler monkeys
  5 jellies
  Crazy Yiuf (D:7)
  3 hounds
  4 orc priests
  3 iguanas
  Ijyb (D:4)
  14 orc wizards
  4 hell rats (Lair:5)
  Robin (D:2)
  15 gnolls
  4 adders
  2 shadow imps
  A white imp (D:7)
  6 worms
  A dart slug (D:2)
  21 orcs
  7 bats
  13 endoplasms
  15 giant cockroaches
  15 goblins
  9 hobgoblins
  16 jackals
  3 quokkas
  7 ball pythons
  4 frilled lizards
  19 kobolds
  3 rats
367 creatures vanquished.

Vanquished Creatures (collateral kills)
  3 orcs (D:6)
3 creatures vanquished.

Vanquished Creatures (others)
  5 dream sheep (D:9)
  2 bushes (D:10)
  17 fungi
  51 plants
  6 withered plants (Lair:3)
81 creatures vanquished.

Grand Total: 451 creatures vanquished

Notes
Turn   | Place    | Note
-------+----------+-------------------------------------------
     0 | D:1      | inmateoo the Demonspawn Fighter began the quest for the
                  | Orb.
     0 | D:1      | Reached XP level 1. HP: 18/18 MP: 1/1
     1 | D:1      | Found a runed translucent door.
   168 | D:1      | Reached skill level 2 in Axes
   175 | D:1      | Gained mutation: Your demonic aura sometimes causes spilled
                  | blood to erupt in flames. [demonic ancestry]
   175 | D:1      | Reached XP level 2. HP: 15/24 MP: 2/2
   783 | D:1      | Reached XP level 3. HP: 27/29 MP: 3/3
  1085 | D:1      | Reached skill level 1 in Dodging
  1320 | D:2      | Gained mutation: Spells you cast may paralyse adjacent
                  | enemies. [demonic ancestry]
  1320 | D:2      | Reached XP level 4. HP: 31/35 MP: 4/4
  1636 | D:2      | Noticed Robin
  2059 | D:2      | Reached skill level 3 in Axes
  2067 | D:2      | Killed Robin
  2465 | D:3      | Found a faded altar of an unknown god.
  2546 | D:3      | Reached XP level 5. HP: 34/41 MP: 5/5
  2643 | D:3      | Got the Vellum of Meteoric Moulding
  3701 | D:3      | Found Utagriud's Book Shoppe.
  4170 | D:4      | Noticed a black bear
  4181 | D:3      | Gained mutation: Your demonic aura often causes spilled
                  | blood to erupt in flames. [demonic ancestry]
  4181 | D:3      | Reached XP level 6. HP: 44/48 MP: 6/6
  4477 | D:4      | Reached skill level 4 in Axes
  4691 | D:4      | Found a snail-covered altar of Cheibriados.
  4692 | D:4      | Noticed Ijyb
  4696 | D:4      | Killed Ijyb
  4697 | D:4      | Reached XP level 7. HP: 36/54 MP: 7/7
  5223 | D:5      | Entered Level 5 of the Dungeon
  5235 | D:5      | Found a staircase to the Ecumenical Temple.
  5247 | Temple   | Entered the Ecumenical Temple
  5498 | Temple   | Became a worshipper of Gozag Ym Sagoz the Greedy
  5508 | D:5      | Noticed Blork the orc
  5511 | D:5      | Noticed Eustachio
  5514 | D:5      | Killed Blork the orc
  5691 | D:5      | Killed Eustachio
  5828 | D:5      | Reached skill level 5 in Axes
  5905 | D:5      | Found a hide-covered altar of Uskayaw.
  6008 | D:5      | Reached XP level 8. HP: 61/61 MP: 8/8
  6402 | D:5      | Reached skill level 5 in Fighting
  6494 | D:5      | Found a broken altar of Ashenzari.
  6802 | D:6      | Found Kemor's Assorted Antiques.
  6810 | D:6      | Bought a pair of runed boots for 232 gold pieces
  6810 | D:6      | Bought a scroll of identify for 62 gold pieces
  6810 | D:6      | Bought a scroll labelled GUPHEF WIMIKE for 31 gold pieces
  6900 | D:6      | Found a blossoming altar of Fedhas.
  7122 | D:7      | Reached skill level 6 in Axes
  7126 | D:7      | Reached skill level 5 in Armour
  7127 | D:7      | Reached skill level 5 in Shields
  7251 | D:7      | Noticed a two-headed ogre
  7261 | D:7      | Killed a two-headed ogre
  7262 | D:7      | Gained mutation: Spells you cast may paralyse nearby
                  | enemies. [demonic ancestry]
  7262 | D:7      | Reached XP level 9. HP: 25/69 MP: 9/9
  7445 | D:7      | Reached skill level 7 in Axes
  7567 | D:7      | Found a runed translucent door.
  7568 | D:7      | Noticed Crazy Yiuf
  7825 | D:7      | Killed Crazy Yiuf
  7932 | D:8      | Reached skill level 5 in Dodging
  8483 | D:8      | Reached XP level 10. HP: 64/77 MP: 10/10
  8617 | D:9      | Identified the +1 helmet of the Evening Star {Slay+3}
  8674 | D:9      | Reached skill level 8 in Axes
  9073 | D:9      | Found a flagged portal.
  9173 | Bailey   | Entered a bailey
  9316 | Bailey   | Found a burning altar of Makhleb.
  9324 | Bailey   | Identified the +3 plate armour of the Dolphin {Fly rC+
                  | Will+}
  9372 | D:9      | Found a radiant altar of Vehumet.
  9546 | D:9      | Found a shimmering altar of Xom.
  9722 | D:10     | Entered Level 10 of the Dungeon
  9971 | D:6      | Bought a potion of curing for 93 gold pieces
  9971 | D:6      | Bought a potion of curing for 93 gold pieces
 10050 | D:3      | Bought a manual of Dodging for 880 gold pieces
 10186 | D:10     | Found a staircase to the Lair.
 10193 | D:10     | Reached skill level 9 in Axes
 10195 | D:10     | Noticed Josephine
 10208 | D:10     | Gained mutation: Your demonic aura causes all spilled blood
                  | to erupt in flames. [demonic ancestry]
 10208 | D:10     | Reached XP level 11. HP: 76/84 MP: 11/11
 10215 | D:10     | Killed Josephine
 10836 | Lair:1   | Entered Level 1 of the Lair of Beasts
 10852 | Lair:1   | Reached skill level 10 in Axes
 11545 | Lair:2   | Noticed a six-headed hydra
 11554 | Lair:2   | Reached skill level 1 in Evocations
 11554 | Lair:2   | Killed a three-headed hydra
 11834 | Lair:2   | Reached XP level 12. HP: 94/94 MP: 12/12
 11888 | Lair:2   | Found a staircase to the Snake Pit.
 12235 | Lair:3   | Reached skill level 11 in Axes
 12423 | Lair:3   | Found a runed translucent gate.
 12423 | Lair:3   | Found a runed translucent gate.
 12423 | Lair:3   | Found a runed translucent gate.
 12427 | Lair:3   | Noticed MirrMurr's ghost (adept KoBe)
 12427 | Lair:3   | Noticed Zoykot's ghost (journeyman DsGl)
 12486 | Lair:3   | Noticed a catoblepas
 12495 | Lair:3   | Killed a catoblepas
 13283 | Lair:4   | You are sucked into a shaft and drop 2 floors!
 13283 | Lair:6   | Entered Level 6 of the Lair of Beasts
 13287 | Lair:6   | Noticed a seven-headed hydra
 13295 | Lair:6   | Killed a four-headed hydra
 13511 | Lair:5   | Gained mutation: You have an unusually large brain. (Int
                  | +2) [demonic ancestry]
 13511 | Lair:5   | Reached XP level 13. HP: 92/101 MP: 13/13
 13523 | Lair:5   | Found a dark tunnel.
 13532 | Volcano  | Entered a volcano
 13572 | Volcano  | Slain by a salamander

Illustrated notes

Levels and vault maps discovered:
D:1:      dpeg_arrival_caged_fury, layout_loops_ring, chequers_jeans
D:2:      layout_basic, minmay_three_crescents, uniq_robin
D:3:      layout_basic, dreamdust_ecumenical_altar_statues, serial_shops,
          nicolae_lakefront_shop
D:4:      layout_basic, lemuel_round_altar, uniq_ijyb
D:5:      layout_cave_pods, minitemple, eat_drink_and_be_merry_uskayaw,
          minmay_temple_entry_waves, eino_tiny_chamber,
          minmay_misc_feat_ornament, kennysheep_generic_room_2, uniq_eustachio,
          uniq_blork_the_orc
D:6:      layout_rooms, mainiacjoe_overflow_concentric_impassable, serial_shops,
          shop
D:7:      layout_cave_pools, uniq_crazy_yiuf_cottage
D:8:      layout_basic, elyvilon_altar_3
D:9:      layout_loops_ring, mainiacjoe_overflow_alcove_4,
          kb_xom_exploding_sheep, enter_bailey_2, minmay_ruffians
D:10:     layout_loops_ring, minmay_lair_entry_grove, uniq_josephine
Temple:   minmay_temple_curvy_branch
Lair:1:   layout_concentric_octagons
Lair:2:   layout_misc_corridors, minmay_snake_entry_guardpost_small,
          beast_lair_carwin_8, serial_bayou_shore_b, grunt_megastairs_4,
          serial_bayou_shore_a, infiniplex_staircase_pool_2, lemuel_fruit_tree
Lair:3:   layout_regular_city, gammafunk_ghost_cemetery
Lair:4:   layout_cave_pods, palyth_hydra_swamp_entry, grunt_megastairs_1
Lair:5:   dreamdust_cave_troll, layout_regular_city,
          nicolae_volcano_entry_hallway
Lair:6:   evilmike_catoblepas_cave, layout_concentric_octagons, slime_entry_1,
          lookout_lair_type, minmay_shattered_shrine, grunt_megastairs_3,
          uniq_kirke
Volcano:  volcano_caves

Skill      XL: |  1  2  3  4  5  6  7  8  9 10 11 12 |
---------------+-------------------------------------+-----
Axes           | 2 3 4 5 6 7 9 10 11 | 11.8
Armour         | 3 4 5 6 7 8 |  8.7
Dodging        | 1 2 3 4 5 6 8 9 |  9.9
Shields        | 3 4 5 6 7 8 |  8.7
Fighting       | 4 5 6 7 8 9 |  9.5
Evocations     | 2 4 |  4.5

Action                   |  1- 3 |  4- 6 |  7- 9 | 10-12 | 13-15 || total
-------------------------+-------+-------+-------+-------+-------++-------
Melee: War axe           |   148 |   194 |   299 |   358 |    19 ||  1018
       Hand axe          |       |       |       |     8 |       ||     8
  Use: Scroll            |       |       |    17 |     8 |       ||    25
 Stab: Sleeping          |       |     1 |       |       |       ||     1
       Distracted        |       |     1 |     1 |     2 |       ||     4
Armor: Scale mail        |    92 |     1 |       |       |       ||    93
       Leather armour    |       |    75 |   212 |    39 |       ||   326
       Plate armour      |       |       |       |   199 |     5 ||   204
Dodge: Dodged            |    97 |   124 |   192 |   140 |     2 ||   555
Block: Buckler           |    46 |    47 |    94 |    13 |       ||   200
       Kite shield       |       |       |       |   180 |    14 ||   194

Table legend: (Time is in decaauts)
 A = Elapsed time spent in this place.
 B = Non-inter-level travel time spent in this place.
 C = Inter-level travel time spent in this place.
 D = Time resting spent in this place.
 E = Time spent auto-exploring this place.
 F = Levels seen in this place.
 G = Mean time per level.
                   A        B        C        D        E       F      G
               +--------+--------+--------+--------+--------+-----+--------+
         Total |  13860 |  13128 |    732 |   3200 |   6997 |  19 |  729.5 |
       Dungeon |  10508 |   9873 |    635 |   3010 |   4647 |  10 | 1050.8 |
        Temple |    403 |    396 |      7 |    141 |    247 |   1 |  403.0 |
          Lair |   2720 |   2631 |     89 |     49 |   2060 |   6 |  453.3 |
        Bailey |    187 |    187 |      0 |      0 |     40 |   1 |  187.0 |
       Volcano |     41 |     41 |      0 |      0 |      2 |   1 |   41.0 |
               +--------+--------+--------+--------+--------+-----+--------+

Top non-repeatable levels by time:
     D:1: 1567 daAuts
     D:2: 1510 daAuts
     D:3: 1302 daAuts
     D:5: 1119 daAuts
     D:4: 1079 daAuts
     D:9: 1004 daAuts
    D:10: 838 daAuts
     D:8: 800 daAuts
     D:7: 778 daAuts
  Lair:3: 749 daAuts
  Lair:1: 701 daAuts
  Lair:2: 696 daAuts
     D:6: 507 daAuts
  Temple: 403 daAuts
  Lair:4: 323 daAuts
